 Dungeon Crawl Stone Soup version 0.17.2 (webtiles) character file.

728 Goblin1989 the Martial Artist (level 7, -2/52 HPs)
             Began as a Demonspawn Monk on June 17, 2016.
             Slain by an ogre
             ... wielding a +0 giant club
              (22 damage)
             ... on level 4 of the Dungeon.
             The game lasted 00:07:21 (2910 turns).

Goblin1989 the Martial Artist (Demonspawn Monk)     Turns: 2910, Time: 00:07:21

Health: -2/52      AC:  9    Str: 13    XL:     7   Next: 44%
Magic:  7/7        EV: 10    Int:  8    God:
Gold:   262        SH:  0    Dex: 16    Spells: 0 memorised, 6 levels left

rFire  . . .     SeeInvis .       - Unarmed
rCold  . . .     Clarity  .     i - +0 scale mail
rNeg   + . .     SustAt   .     (no shield)
rPois  .         Gourm    .     g - +0 helmet
rElec  .         Spirit   .     x - +1 cloak
rCorr  .         Warding  .     (no gloves)
rMut   .         Stasis   .     (no boots)
MR     .....                    (no amulet)
Stlth  +++.......               w - ring of positive energy {rN+}
                                n - -3 ring of intelligence (curse)

@: not resistant to hostile enchantments, fairly stealthy
A: nightstalker 2, spiny 1
a: no special abilities


You were on level 4 of the Dungeon.
You were hungry.

You visited 1 branch of the dungeon, and saw 4 of its levels.
You also visited: Sewer.

You collected 262 gold pieces.

Inventory:

Missiles
 a - 33 arrows
 e - 7 arrows of flame
 f - 145 stones (quivered)
 l - 50 sling bullets
 t - 6 poisoned needles
Armour
 g - a +0 helmet (worn)
 i - a +0 scale mail (worn)
 x - a +1 cloak (worn)
Jewellery
 n - a cursed -3 ring of intelligence (left hand)
 w - a ring of positive energy (right hand) {rN+}
Wands
 k - a wand of slowing (17)
 v - a wand of frost (48)
Scrolls
 h - 2 scrolls of identify
 m - 3 scrolls of blinking {!r}
 o - 2 scrolls of teleportation
 u - a scroll of enchant armour
Potions
 c - 2 potions of agility {unknown}
 d - 2 potions of haste {unknown}
 j - a potion of flight {unknown}
 q - a potion of resistance {unknown}
 r - 2 potions of curing {unknown}
Comestibles
 b - a bread ration
 p - a beef jerky
 s - 5 fruits


   Skills:
 - Level 3.0 Fighting
 - Level 2.6 Dodging
 - Level 1.7 Stealth
 * Level 8.4 Unarmed Combat


You had 6 spell levels left.
You didn't know any spells.

Dungeon Overview and Level Annotations

Branches:
Dungeon (4/15)
 Temple: D:4-7

Altars:


Innate Abilities, Weirdness & Mutations

You are significantly more attuned to the shadows.
You are partially covered in sharp spines.


Message History

You are too injured to fight recklessly!
You are too injured to fight recklessly!
You are too injured to fight recklessly!
You are too injured to fight recklessly!
You are too injured to fight recklessly!
You are too injured to fight recklessly!
You are too injured to fight recklessly!
You are too injured to fight recklessly!
You are too injured to fight recklessly!
You are too injured to fight recklessly!
You are too injured to fight recklessly!
You are too injured to fight recklessly!
You are too injured to fight recklessly!
You are too injured to fight recklessly!
You are too injured to fight recklessly!
You are too injured to fight recklessly!
You are too injured to fight recklessly!
You hit the ogre. You hit the ogre. The ogre hits you with a giant club!!
You die...

#...####.#
###...##)#
#.#.##.#
#.#....#
#)######
#######)#######
..............#
..[..))[.####.#
.........# #@#
.........# #O#
....[....# #.#
.........# #.#
.........# #..
........# ###
.......#
.......#
.......#


You could see an ogre.

Vanquished Creatures
  A phantom (D:4)
  A centaur (D:4)
  A giant frog (Sewer)
  An orc priest (D:4)
  A giant frog skeleton (D:4)
  Crazy Yiuf (D:2)
  2 orc wizards (D:4)
  Jessica (D:2)
  Natasha (thrice) (D:2 D:4)
  2 worker ants (D:4)
  7 adders
  11 oozes
  2 worms
  13 giant geckos
  5 orcs (D:4)
  14 ball pythons
  13 giant cockroaches
  A goblin (D:3)
  9 hobgoblins
  4 jackals (D:2)
  2 quokkas
  5 bats
  10 giant newts
  7 kobolds
  9 rats
126 creatures vanquished.

Notes
Turn   | Place    | Note
--------------------------------------------------------------
     0 | D:1      | Goblin1989 the Demonspawn Monk began the quest for the Orb.
     0 | D:1      | Reached XP level 1. HP: 18/18 MP: 1/1
   183 | D:1      | Reached skill level 4 in Unarmed Combat
   194 | D:1      | Gained mutation: You are slightly more attuned to the shadows. [demonic ancestry]
   194 | D:1      | Reached XP level 2. HP: 24/24 MP: 2/2
   653 | D:2      | Gained mutation: You are partially covered in sharp spines. [demonic ancestry]
   653 | D:2      | Reached XP level 3. HP: 29/29 MP: 3/3
   762 | D:2      | Reached skill level 5 in Unarmed Combat
   988 | D:2      | Reached XP level 4. HP: 35/35 MP: 4/4
  1061 | D:2      | Noticed Jessica
  1067 | D:2      | Killed Jessica
  1070 | D:2      | Noticed Natasha
  1075 | D:2      | Killed Natasha
  1161 | D:2      | Noticed Crazy Yiuf
  1171 | D:2      | Killed Crazy Yiuf
  1171 | D:2      | Reached XP level 5. HP: 17/41 MP: 5/5
  1552 | D:3      | Reached skill level 6 in Unarmed Combat
  1937 | D:4      | Noticed a phantom
  1952 | D:4      | HP: 1/41 [phantom (4)]
  2281 | D:4      | Killed a phantom
  2285 | D:4      | Reached XP level 6. HP: 32/47 MP: 6/6
  2346 | D:4      | Noticed Natasha
  2349 | D:4      | Killed Natasha
  2365 | D:4      | Found a glowing drain.
  2380 | Sewer    | Entered a sewer
  2409 | Sewer    | Reached skill level 7 in Unarmed Combat
  2629 | D:4      | Gained mutation: You are significantly more attuned to the shadows. [demonic ancestry]
  2629 | D:4      | Reached XP level 7. HP: 50/52 MP: 7/7
  2649 | D:4      | Noticed Natasha
  2652 | D:4      | Killed Natasha
  2677 | D:4      | Noticed a centaur
  2685 | D:4      | Killed a centaur
  2685 | D:4      | Reached skill level 8 in Unarmed Combat
  2900 | D:4      | Noticed an ogre
  2910 | D:4      | Slain by an ogre

Action                   |  1- 3 |  4- 6 |  7- 9 || total
-------------------------+-------+-------+-------++-------
Melee: Unarmed           |   126 |   147 |    27 ||   300
  Use: Scroll            |       |    11 |       ||    11
 Stab: Sleeping          |     4 |     6 |     2 ||    12
  Eat: Chunk             |       |     6 |       ||     6
